AoeStats
← Mhafiki

Arabia

506735642Analyzed
1v1 RM · 17d ago on Sep 14, 2026· 27m 0s· 2 players
Game mode
Random Map
Map size
Tiny (2 player)
Population
200
Speed
Normal
Resources
Standard
Victory
Conquest
Starting age
Dark Age
Ending age
Imperial Age
RankedLock teamsTeams togetherTeam positionsShared explorationLock speedFull tech treeHidden civsTurbo modeCheats
Victory
Defeat
🇩🇰 Burmese · Denmark
1167
+15
🇺🇸 Chinese · United States
1155
-15
Mhafiki
6:38 Loom
9:38 Feudal Age
21:08 Castle Age
22:15 Double-Bit Axe
22:23 Crossbowman
23:18 Bloodlines
22:59 Fletching
23:10 Padded Archer Armor
23:40 Bodkin Arrow
Cabeceo_e
6:23 Loom
9:23 Feudal Age
10:07 Horse Collar
10:01 Man-at-Arms
20:54 Castle Age
19:59 Arson
20:08 Fletching
20:19 Scale Mail Armor
20:51 Gold Mining
21:07 Long Swordsman
24:32 Pikeman
27:12 Wheelbarrow
27:19 Chain Mail Armor
Connection lost

Rejoining the realm…

Still unreachable

The connection could not be restored.

Session expired

The server has moved on; the page needs a fresh start.